 Dungeon Crawl Stone Soup version 0.31-a0-188-g5e087ee2ca (webtiles) character file.

Game seed: 3355806324356180002

91 qw the Shooter (level 4, -10/25 HPs)
             Began as a Deep Elf Hunter on June 23, 2023.
             Killed from afar by an orc wizard (14 damage)
             ... with a puff of flame
             ... on level 3 of the Dungeon.
             The game lasted 00:00:39 (1903 turns).

qw the Shooter (Deep Elf Hunter)                    Turns: 1903, Time: 00:00:40

Health: -10/25     AC:  5    Str: 10    XL:     4   Next: 33%
Magic:  6/6        EV: 11    Int: 14    God:
Gold:   139        SH:  0    Dex: 18    Spells: 3/3 levels left

rFire   . . .        Y - +1 shortbow (flame)
rCold   . . .        (shield currently unavailable)
rNeg    . . .        h - +0 ring mail
rPois   .            (no helmet)
rElec   .            (no cloak)
rCorr   .            (no gloves)
SInv    .            (no boots)
Will    .....        (no amulet)
Stlth   +            (no ring)
HPRegen 0.24/turn    (no ring)
MPRegen 0.10/turn

%: no passive effects
@: no status effects
A: no striking features
a: no special abilities


You were on level 3 of the Dungeon.
You visited 1 branch of the dungeon, and saw 3 of its levels.

You collected 139 gold pieces.


   Skills:
 - Level 1.5 Fighting
 + Level 7.7 Ranged Weapons
 - Level 2.4 Dodging
 - Level 1.2 Stealth


You had 3 spell levels left.
You didn't know any spells.
Your spell library was empty.

Inventory:

Hand Weapons
 Y - a +1 shortbow of flaming (weapon)
Armour
 h - a +0 ring mail (worn)
Scrolls
 c - a scroll of poison {unknown}
 d - a scroll of identify
Potions
 a - a potion of degeneration {unknown}
 b - a potion of lignification {unknown}
 e - a potion of cancellation {unknown}
 j - a potion of resistance {unknown}

Dungeon Overview and Level Annotations

Branches:
Dungeon (3/15)

Altars:

Shops:
D:2 =


Message History

You shoot an arrow. The arrow hits the orc.
The arrow burns the orc.
The orc is almost dead.
The orc hits you but does no damage.
You hear some strange, mumbled words.
Something tries to affect you, but you resist.
You shoot an arrow. The arrow hits the orc.
The arrow burns the orc.
You kill the orc!
You hear some strange, mumbled words.
Something tries to affect you, but you resist.
You shoot an arrow. The arrow completely misses the orc.
Something hits you. The orc closely misses you.
You shoot an arrow. The arrow closely misses the orc.
Something hits you. The orc closely misses you.
You shoot an arrow. The arrow hits the orc!
The arrow burns the orc.
You kill the orc!
Something hits you.
You shoot an arrow. Something hits you but does no damage.
You shoot an arrow. Something hits you.
You shoot an arrow. Something hits you but does no damage.
You shoot an arrow. Something hits you but does no damage.
You shoot an arrow. Something hits you.
You hear some strange, mumbled words.
A magic dart appears from out of thin air!
The magic dart hits you.
You shoot an arrow. Something hits you but does no damage.
An orc comes into view. It is wielding a +0 dagger.
1901 ||| FLEEEEING.
1902 ||| STILL FLEEEEING.
1903 ||| FLEEEEING.
You hear some strange, mumbled words.
A puff of flame appears from out of thin air!
The puff of flame hits you!
Ouch! That really hurt!
You die...

# ###..# #######
#.###.##
#....##### ###
####.....####..
##......##.# #
#.##.#.##.####.#
#.##.#.##.#..o
#.##.#.##.#o##.#
#.##...@.{)))..#
#.####.#########
#.. ...# ##
#####


You could see an orc.

Vanquished Creatures
  An adder (D:2)
  2 worms (D:2)
  A dart slug (D:2)
  6 orcs (D:3)
  3 ball pythons
  2 endoplasms
  3 giant cockroaches (D:1)
  4 goblins
  4 hobgoblins (D:1)
  13 jackals
  4 kobolds
  A quokka (D:1)
  7 bats
  3 frilled lizards
  5 rats
59 creatures vanquished.

Notes
Turn   | Place    | Note
-------+----------+-------------------------------------------
     0 | D:1      | qw the Deep Elf Hunter began the quest for the Orb.
     0 | D:1      | Reached XP level 1. HP: 12/12 MP: 3/3
     0 | D:1      | 0 ||| qw: Version: 0.3-a-9-g12657ce
     0 | D:1      | 0 ||| qw: Game counter: 4211
     0 | D:1      | 0 ||| qw: Always use a shield: true
     0 | D:1      | 0 ||| qw: God list: Okawaru
     0 | D:1      | 0 ||| qw: Allow faded altars: false
     0 | D:1      | 0 ||| qw: Do Orc after D:15 true
     0 | D:1      | 0 ||| qw: Do second Lair branch before Depths: true
     0 | D:1      | 0 ||| qw: Lair rune preference: random
     0 | D:1      | 0 ||| qw: Plans: Normal
     0 | D:1      | 0 ||| PLANNING D:1-11
   127 | D:1      | Reached XP level 2. HP: 16/16 MP: 4/4
   134 | D:1      | Reached skill level 6 in Ranged Weapons
   468 | D:1      | Reached XP level 3. HP: 20/20 MP: 5/5
   810 | D:1      | 810 ||| UPGRADING to +0 ring mail.
   820 | D:1      | 820 ||| DROPPING +0 leather armour.
   821 | D:1      | 821 ||| READING 4 scrolls labelled FAWNIA DUFI.
   822 | D:1      | 822 ||| READING scroll labelled HILOPN KUCI.
   823 | D:1      | 823 ||| READING scroll labelled SEAR ZIPNAAWN.
   824 | D:1      | 824 ||| READING scroll labelled KILUGREBIU.
   825 | D:1      | 825 ||| DRINKING 2 viscous grey potions.
   826 | D:1      | 826 ||| DROPPING 3 scrolls of immolation.
   827 | D:1      | 827 ||| DROPPING scroll of butterflies.
   828 | D:1      | 828 ||| DROPPING potion of attraction.
   934 | D:2      | Reached skill level 7 in Ranged Weapons
  1225 | D:2      | Reached XP level 4. HP: 25/25 MP: 6/6
  1334 | D:2      | Found Kajep's Jewellery Boutique.
  1341 | D:2      | 1341 ||| SHOPLISTING +4 ring of slaying (780 gold, have
                  | 116).
  1341 | D:2      | 1341 ||| SHOPLISTING +6 ring of dexterity (360 gold, have
                  | 116).
  1341 | D:2      | 1341 ||| SHOPLISTING amulet of faith (400 gold, have 116).
  1341 | D:2      | 1341 ||| SHOPLISTING amulet of regeneration (300 gold, have
                  | 116).
  1341 | D:2      | 1341 ||| SHOPLISTING ring of poison resistance (200 gold,
                  | have 116).
  1341 | D:2      | 1341 ||| SHOPLISTING ring of positive energy (200 gold,
                  | have 116).
  1341 | D:2      | 1341 ||| SHOPLISTING ring of see invisible (150 gold, have
                  | 116).
  1796 | D:2      | 1796 ||| READING scroll labelled WABUTA DU RAIT.
  1797 | D:2      | 1797 ||| READING scroll labelled NACISEFIVEO.
  1896 | D:3      | HP: 5/25 [something (2)]
  1901 | D:3      | 1901 ||| FLEEEEING.
  1903 | D:3      | 1903 ||| FLEEEEING.
  1903 | D:3      | Killed from afar by an orc wizard

Levels and vault maps discovered:
D:1:      dpeg_arrival_snail, layout_basic
D:2:      layout_basic, serial_shops, nicolae_shop_gaudy_bauble,
          grunt_ministairs_10, chequers_serial_rivers_micro_b
D:3:      layout_loops_cross, minmay_pentangle

Skill      XL: |  1  2  3 |
---------------+----------+-----
Ranged Weapons | 6 7 |  7.7
Fighting       | |  1.5
Dodging        | |  2.4
Stealth        | |  1.2

Action                     |  1- 3 |  4- 6 || total
---------------------------+-------+-------++-------
   Fire: Shortbow          |   110 |    39 ||   149
    Use: Scroll            |     4 |     2 ||     6
         Potion            |     1 |       ||     1
 Armour: Leather armour    |     4 |       ||     4
         Ring mail         |     6 |     8 ||    14
  Dodge: Dodged            |    18 |    10 ||    28

Table legend:
 A = Non-vault XP
 B = Vault XP
 C = Vault XP percentage of total XP
 D = Non-vault monster count
 E = Vault monster count
 F = Vault count percentage of total count
                 A         B        C        D         E       F
            +---------+---------+-------+---------+---------+-------
      Total |     128 |       2 |   1.5 |      58 |       1 |   1.7
            +---------+---------+-------+---------+---------+-------
        D:1 |      54 |       0 |   0.0 |      30 |       0 |   0.0
        D:2 |      53 |       2 |   3.6 |      20 |       1 |   4.8
        D:3 |      21 |       0 |   0.0 |       8 |       0 |   0.0
            +---------+---------+-------+---------+---------+-------
